 Dungeon Crawl Stone Soup version 0.29.1-13-g9f3cf754e1 (webtiles) character file.

Game seed: 10531447479799549493

427 theswoord the Slasher (level 6, 0/47 HPs)
             Began as a Demonspawn Monk on Jan 22, 2023.
             Slain by a gnoll
             ... wielding a +0 spear
              (7 damage)
             ... on level 4 of the Dungeon.
             The game lasted 00:04:26 (3796 turns).

theswoord the Slasher (Demonspawn Monk)             Turns: 3796, Time: 00:04:26

Health: 0/47       AC:  6    Str: 13    XL:     6   Next: 65%
Magic:  6/6        EV: 10    Int: 11    God:
Gold:   204        SH:  0    Dex: 16    Spells: 5/5 levels left

rFire   . . .      SeeInvis .   l - +0 long sword
rCold   . . .      Faith    .   (no shield)
rNeg    . . .      Spirit   .   i - +0 scale mail
rPois   .          Reflect  .   (helmet restricted)
rElec   .          Harm     .   (no cloak)
rCorr   .          Rampage  .   (no gloves)
Will    .....                   (no boots)
Stlth   +.........              (no amulet)
HPRegen 0.15/turn               (no ring)
MPRegen 0.10/turn               (no ring)

@: no status effects
A: antennae 1, spiny 1, demonic magic 1
a: no special abilities


You were on level 4 of the Dungeon.
You visited 1 branch of the dungeon, and saw 4 of its levels.

You collected 204 gold pieces.

Inventory:

Hand Weapons
 a - a +0 falchion
 l - a +0 long sword (weapon)
Armour
 b - a +0 robe
 f - a +0 pair of gloves
 i - a +0 scale mail (worn)
Scrolls
 c - a scroll of teleportation {unknown}
 d - a scroll of enchant armour {unknown}
 e - 3 scrolls of vulnerability {unknown}
 g - a scroll of blinking {unknown}
 h - a scroll of amnesia {unknown}
 j - 2 scrolls of identify {unknown}
Potions
 k - a potion of degeneration
 m - a potion of cancellation
 n - a potion of attraction {unknown}
 o - a potion of heal wounds
 p - a potion of brilliance {unknown}


   Skills:
 - Level 3.0 Fighting
 + Level 6.9 Long Blades
 - Level 2.6 Dodging
 - Level 1.7 Stealth


You had 5 spell levels left.
You didn't know any spells.
Your spell library was empty.

Dungeon Overview and Level Annotations

Branches:
Dungeon (4/15)
 Temple: D:4-7

Altars:
Nemelex Xobeh
Okawaru
Sif Muna
Xom


Innate Abilities, Weirdness & Mutations

You have a pair of small antennae on your head.
You are partially covered in sharp spines.
Spells you cast may paralyse adjacent enemies.


Message History

A gnoll comes into view. It is wielding a +0 flail.
There are monsters nearby!
There are monsters nearby!
There are monsters nearby!
The gnoll shouts! x2; You hear a shout!
A quokka comes into view.
The gnoll hits you from afar with a +0 spear.
The gnoll closely misses you.
You barely miss the gnoll.
The gnoll hits you from afar with a +0 spear.
The gnoll hits you with a +0 flail!
You closely miss the gnoll.
The gnoll hits you from afar with a +0 spear.
The gnoll closely misses you.
You closely miss the gnoll.
The gnoll hits you from afar with a +0 spear.
The gnoll hits you with a +0 flail!
* * * LOW HITPOINT WARNING * * *
You closely miss the gnoll. The quokka is struck by your spines.
The quokka bites you.
* * * LOW HITPOINT WARNING * * *
The gnoll hits you but does no damage. The gnoll is struck by your spines.
The gnoll hits you with a +0 flail.
* * * LOW HITPOINT WARNING * * *
You closely miss the gnoll.
The gnoll is heavily wounded.
The quokka misses you. The gnoll completely misses you.
A gnoll comes into view. It is wielding a +0 club.
The gnoll is struck by your spines.
You kill the gnoll!
You feel your intelligence returning.
You slash the quokka!
You kill the quokka!
The gnoll barely misses you.
Found a small glass ring.
The gnoll hits you with a +0 spear.
* * * LOW HITPOINT WARNING * * *
You slash the gnoll!
The gnoll is severely wounded.
The gnoll is struck by your spines. The gnoll hits you with a +0 spear!
You die...

#...#####
##.....#..
##.........
#........####
###............
##.............#
###.<............#
#..........g.....#
##.........@..#..
#.........†g###
##.....##.....
##.#.###....##
##### ......
........
=........#
#......##..


You could see 2 gnolls.

Vanquished Creatures
  Sigmund (D:2)
  An orc priest (D:3)
  3 orc wizards (D:3)
  5 gnolls
  4 adders
  A worm (D:2)
  2 dart slugs
  10 orcs (D:3)
  5 bats
  7 endoplasms
  4 giant cockroaches
  6 goblins
  A hobgoblin (D:2)
  5 jackals
  4 kobolds
  4 quokkas
  7 ball pythons
  5 frilled lizards
  3 rats
78 creatures vanquished.

Notes
Turn   | Place    | Note
-------+----------+-------------------------------------------
     0 | D:1      | theswoord the Demonspawn Monk began the quest for the Orb.
     0 | D:1      | Reached XP level 1. HP: 18/18 MP: 1/1
   335 | D:1      | Found a faded altar of an unknown god.
   344 | D:1      | Reached skill level 3 in Long Blades
   571 | D:1      | Gained mutation: You are partially covered in sharp spines.
                  | [demonic ancestry]
   571 | D:1      | Reached XP level 2. HP: 24/24 MP: 2/2
  1417 | D:2      | Reached XP level 3. HP: 28/29 MP: 3/3
  1453 | D:2      | Reached skill level 4 in Long Blades
  1886 | D:2      | Gained mutation: You have a pair of small antennae on your
                  | head. [demonic ancestry]
  1886 | D:2      | Reached XP level 4. HP: 16/35 MP: 4/4
  2147 | D:2      | Noticed Sigmund
  2168 | D:2      | Killed Sigmund
  2169 | D:2      | Reached skill level 6 in Long Blades
  2169 | D:2      | Gained mutation: Spells you cast may paralyse adjacent
                  | enemies. [demonic ancestry]
  2169 | D:2      | Reached XP level 5. HP: 8/41 MP: 5/5
  2477 | D:3      | Found a large runed translucent door.
  2478 | D:3      | Found a large runed translucent door.
  2641 | D:3      | Reached XP level 6. HP: 28/47 MP: 6/6
  3579 | D:3      | Found a shimmering blue altar of Sif Muna.
  3587 | D:3      | Found an iron altar of Okawaru.
  3746 | D:3      | Found a sparkling altar of Nemelex Xobeh.
  3752 | D:3      | Found a shimmering altar of Xom.
  3796 | D:4      | Slain by a gnoll

Skill      XL: |  1  2  3  4 |
---------------+-------------+-----
Long Blades    | 3 4 6 |  6.9
Fighting       | |  3.0
Dodging        | |  2.6
Stealth        | |  1.7

Action                   |  1- 3 |  4- 6 || total
-------------------------+-------+-------++-------
Melee: Falchion          |    75 |    25 ||   100
       Punch             |     1 |       ||     1
       Long sword        |       |    65 ||    65
  Use: Potion            |       |     5 ||     5
 Stab: Sleeping          |     8 |       ||     8
Armor: Robe              |     4 |       ||     4
       Scale mail        |    11 |    34 ||    45
Dodge: Dodged            |    38 |    31 ||    69

Levels and vault maps discovered:
D:1:      spicycebolla_green_bress_n_ham_2, layout_loops_corners,
          ebering_ecumenical_altar_sacrificial
D:2:      layout_basic, minmay_misc_feat_alley, nrook_uturn, uniq_sigmund
D:3:      cheibrodos_pilgrimage, layout_loops_ring,
          nicolae_tso_carved_into_rock, minitemple, jmf_multi_god_temple2
D:4:      layout_cave_pools, fedhas_altar_4
